Map: [ESL] Stargazers

Players

Reaper

  • Race: Zerg Zerg
  • Spawn Location: 11:00

Astrea - Winner!

  • Race: Protoss Protoss
  • Spawn Location: 1:00

Event: DreamHack SC2 Masters 2022 Atlanta (Online)

VOD

Have the link to the VOD?

Description

Time

  • Played on: Oct. 5, 2022, 4:53 p.m.
  • Length: 8:27

All games in this series

Show
View Real Time Build Order
Export as new Build Order

Reaper Zerg 

Build Orders: Hatch First 

Get SALT Encoding   

  12  0:00  Drone  
  13  0:12  Overlord  
  13  0:17  Drone  
  14  0:30  Drone x2  
  16  0:39  Drone  
  17  0:55  Hatchery  
  16  0:59  Drone  
  16  1:02  Drone  
  18  1:13  Extractor  
  18  1:17  Spawning Pool  
  16  1:20  Drone  
  16  1:24  Drone  
  18  1:28  Drone  
  19  1:39  Drone  
  20  1:51  Drone  
  21  2:01  Overlord  
  21  2:07  Zergling x2  
  21  2:08  Queen x2  
  22  2:13  Drone  
  27  2:15  Metabolic Boost  
  27  2:21  Drone  
  28  2:27  Drone  
  29  2:30  Drone  
  29  2:35  Overlord  
  30  2:43  Drone  
  31  2:45  Queen  
  31  2:49  Queen  
  35  2:56  Overlord  
  35  2:57  Drone  
  35  2:58  Drone  
  37  3:06  Zergling x4  
  39  3:15  Drone  
  40  3:20  Drone x7  
  40  3:27  Lair  
  47  3:33  Drone, Extractor  
  47  3:38  Drone x2  
  49  3:46  Drone  
  50  3:49  Hatchery  
  50  3:54  Overlord  
  49  3:59  Overlord  
  50  4:02  Drone  
  50  4:03  Drone, Extractor x2  
  50  4:07  Overlord  
  50  4:08  Drone x2  
  50  4:09  Drone  
  52  4:18  Drone x3  
  55  4:25  Spire  
  55  4:30  Drone  
  55  4:31  Zergling x2  
  55  4:37  Zergling x4  
  57  4:42  Drone x3  
  57  4:44  Overlord  
  57  4:45  Drone x2  
  61  4:59  Overlord x2  
  61  5:02  Overseer  
  61  5:04  Drone x2  
  63  5:12  Queen  
  63  5:13  Drone, Overlord  
  67  5:35  Zergling x4  
  67  5:36  Zergling x2  
  67  5:37  Mutalisk  
  67  5:38  Mutalisk x5  
  67  5:39  Zerg Flyer Weapons Level 1  
  81  5:44  Mutalisk  
  83  5:57  Mutalisk x2  
  83  5:59  Overlord  
  83  6:00  Zergling x12  
  93  6:04  Overlord  
  93  6:09  Mutalisk  
  93  6:10  Overlord  
  95  6:14  Drone  
  95  6:17  Mutalisk  
  98  6:21  Hatchery, Overlord  
  97  6:27  Mutalisk  
  99  6:35  Drone x9  
  99  6:39  Extractor  
  103  6:47  Corruptor  
  93  6:49  Corruptor  
  94  6:57  Drone x9  
  101  7:05  Corruptor  
  99  7:16  Drone  
  99  7:17  Drone x2  
  99  7:22  Overlord x2  
  102  7:27  Corruptor x2  
  106  7:37  Corruptor x3  
  96  7:40  Drone  
  96  7:41  Evolution Chamber  
  100  7:44  Drone x3  
  103  7:56  Extractor  
  103  7:57  Corruptor x2  
  108  8:03  Overlord  
Show
View Real Time Build Order
Export as new Build Order

Astrea Protoss - Winner!

Build Orders: 1 Gate Expand, Phoenix Opening 

Get SALT Encoding   

  12  0:00  Probe  
  13  0:12  Probe  
  14  0:17  Pylon  
  14  0:24  Probe (Chrono Boost)  
  15  0:36  Probe (Chrono Boost)  
  15  0:37  Gateway  
  16  0:44  Probe (Chrono Boost)  
  16  0:46  Assimilator  
  17  0:51  Probe  
  18  1:03  Probe  
  19  1:15  Probe  
  20  1:24  Nexus  
  20  1:28  Probe  
  21  1:36  Cybernetics Core  
  21  1:42  Assimilator  
  21  1:44  Probe  
  22  1:51  Pylon  
  22  1:56  Probe  
  23  2:09  Probe (Chrono Boost)  
  23  2:12  Warp Gate  
  26  2:19  Sentry (Chrono Boost), Probe (Chrono Boost)  
  27  2:24  Probe (Chrono Boost)  
  28  2:36  Probe (Chrono Boost)  
  30  2:37  Stalker  
  30  2:41  Probe (Chrono Boost)  
  32  2:45  Probe (Chrono Boost)  
  32  2:47  Phoenix  
  32  2:49  Robotics Facility, Probe (Chrono Boost)  
  32  2:50  Probe (Chrono Boost)  
  35  2:58  Pylon  
  35  3:00  Probe  
  35  3:02  Probe  
  37  3:10  Sentry  
  37  3:12  Probe (Chrono Boost)  
  40  3:14  Probe (Chrono Boost)  
  41  3:20  Gateway  
  41  3:21  Gateway  
  41  3:26  Probe (Chrono Boost)  
  43  3:30  Probe (Chrono Boost)  
  43  3:34  Probe (Chrono Boost)  
  44  3:36  Warp Prism  
  44  3:37  Probe (Chrono Boost)  
  44  3:41  Probe (Chrono Boost)  
  48  3:50  Assimilator  
  48  3:51  Pylon  
  48  3:53  Probe (Chrono Boost)  
  48  3:54  Probe (Chrono Boost), Assimilator  
  50  3:57  Pylon  
  50  4:00  Probe (Chrono Boost)  
  50  4:02  Probe (Chrono Boost)  
  52  4:04  Sentry  
  52  4:06  Pylon  
  52  4:08  Probe  
  55  4:12  Immortal (Chrono Boost)  
  59  4:17  Probe  
  59  4:21  Probe  
  59  4:22  Adept  
  63  4:26  Phoenix  
  63  4:30  Stargate  
  63  4:33  Stargate  
  63  4:47  Shield Battery  
  63  4:48  Immortal (Chrono Boost)  
  63  4:49  Pylon  
  67  4:55  Probe x2  
  69  5:00  Pylon  
  69  5:13  Pylon  
  69  5:16  Phoenix x2 (Chrono Boost)  
  73  5:22  Nexus  
  73  5:23  Pylon  
  73  5:27  Stalker x2  
  77  5:30  Probe  
  77  5:31  Probe  
  79  5:41  Phoenix (Chrono Boost)  
  79  5:42  Phoenix (Chrono Boost), Probe  
  84  5:44  Probe  
  85  5:54  Probe  
  85  5:55  Shield Battery  
  85  5:56  Probe  
  87  5:57  Pylon  
  87  6:00  Phoenix (Chrono Boost)  
  89  6:07  Probe  
  92  6:11  Phoenix (Chrono Boost)  
  92  6:15  Zealot x2  
  92  6:17  Zealot  
  98  6:24  Phoenix (Chrono Boost)  
  100  6:27  Probe x2  
  102  6:35  Phoenix (Chrono Boost)  
  102  6:36  Probe  
  105  6:41  Probe x2  
  107  6:48  Probe  
  107  6:49  Fleet Beacon  
  107  6:53  Probe  
  109  6:57  Phoenix x2, Probe  
  114  7:06  Probe x2  
  116  7:10  Probe  
  116  7:15  Zealot x3  
  123  7:18  Probe  
  123  7:19  Pylon  
  123  7:20  Pylon  
  124  7:24  Phoenix, Assimilator  
  124  7:29  Anion Pulse-Crystals (Chrono Boost), Probe  
  125  7:35  Probe x2  
  124  7:40  Assimilator  
  124  7:41  Probe  
  124  7:42  Zealot x3  
  131  7:44  Pylon  
  131  7:45  Pylon  
  131  7:46  Phoenix  
  131  7:50  Phoenix  
  135  7:52  Pylon  
  135  8:01  Forge  
  135  8:03  Twilight Council  
  137  8:22  Nexus  
Tags
 
Add a new tag
Caveats
  • Supply blocks, unpowered buildings, or Contaminate may cause inaccurate times.
  • Supply counts are checked every 10 seconds.